 Dungeon Crawl Stone Soup version 0.26-a0-612-gd4d190f45e (webtiles) character file.

Game seed: 8484323462687859396

6 DogServant the Vandal (level 2, 11/19 HPs)
             Began as a Halfling Hunter on Sept 10, 2020.
             Quit the game on level 2 of the Dungeon.
             The game lasted 00:00:56 (534 turns).

DogServant the Vandal (Halfling Hunter)              Turns: 534, Time: 00:00:57

Health: 11/19      AC:  3    Str: 13    XL:     2   Next: 0%
Magic:  2/2        EV: 14    Int:  9    God:
Gold:   66         SH:  0    Dex: 14    Spells: 1/1 levels left

rFire    . . .     SeeInvis .   b - +0 short sword
rCold    . . .     Faith    .   (shield restricted)
rNeg     . . .     Spirit   .   c - +0 leather armour
rPois    .         Reflect  .   (no helmet)
rElec    .         Harm     .   (no cloak)
rCorr    .                      (no gloves)
MR       .....                  (no boots)
Stlth    +.........             (no amulet)
HPRegen  0.06/turn              (no ring)
MPRegen  0.08/turn              (no ring)

@: no status effects
A: small, mutation resistance 1
a: no special abilities


You were on level 2 of the Dungeon.
You visited 1 branch of the dungeon, and saw 2 of its levels.

You collected 66 gold pieces.

Inventory:

Hand Weapons
 a - a +1 hunting sling
 b - a +0 short sword (weapon)
Missiles
 d - 20 sling bullets
 g - 15 stones (quivered)
Armour
 c - a +0 leather armour (worn)
Jewellery
 f - an uncursed amulet of magic regeneration {unknown}
 j - a cursed ring of attention {unknown}
Scrolls
 h - a scroll of fear {unknown}
 i - 2 scrolls of teleportation {unknown}
 k - a scroll of magic mapping {unknown}
Potions
 e - a potion of ambrosia {unknown}


   Skills:
 + Level 1.8 Fighting
 + Level 6.3 Slings
 + Level 2.1 Dodging
 + Level 1.1 Stealth


You had one spell level left.
You didn't know any spells.
Your spell library was empty.

Dungeon Overview and Level Annotations

Branches:
Dungeon (2/15)

Altars:


Innate Abilities, Weirdness & Mutations

You are small and have problems with some larger weapons.
You are somewhat resistant to further mutation.


Message History

You see here a stone.
The kobold hits you with a +0 short sword.
You closely miss the kobold. The kobold barely misses you.
The kobold hits you with a +0 short sword.
You closely miss the kobold. The kobold closely misses you.
You hit the kobold.
The kobold is severely wounded.
The kobold hits you but does no damage.
You hit the kobold.
You kill the kobold!
You have reached level 2!
You see here a +0 short sword.
Autopickup is now off.
Quiver which item? (- for none, * to show all) (? for menu, Esc to quit)
You don't have any such object.
Quiver which item? (- for none, * to show all) (? for menu, Esc to quit)
That's the wrong kind of item! (Use * to select it.) Quiver which item? (- for none, * to show all) (? for menu, Esc to quit)
Okay, then.
Are you sure you want to abandon this character and quit the game? (Confirm with "yes".)

#. .# #.## .#
#... .. #..# .#
#..# .# #..# .#
#..#######.#
#...((...@.#
##.#########
#.#####.#######
.........<....#
#.#####.#####.#
#.# #.. #.##
#.#


There were no monsters in sight!

Vanquished Creatures
  A dart slug (D:1)
  A goblin (D:1)
  A hobgoblin (D:1)
  A kobold (D:2)
4 creatures vanquished.

Notes
Turn   | Place    | Note
-------+----------+-------------------------------------------
     0 | D:1      | DogServant the Halfling Hunter began the quest for the Orb.
     0 | D:1      | Reached XP level 1. HP: 14/14 MP: 1/1
   275 | D:1      | Reached skill level 6 in Slings
   532 | D:2      | Reached XP level 2. HP: 11/19 MP: 2/2
   534 | D:2      | Quit the game

Illustrated notes

Levels and vault maps discovered:
D:1:      saegor_arrival_simple_c, layout_basic
D:2:      layout_loops_ring

Skill      XL: |  1 |
---------------+----+-----
Slings         | 6 |  6.3
Fighting       | |  1.8
Dodging        | |  2.1
Stealth        | |  1.1

Action                   || total
-------------------------++-------
Melee: Short sword       ||     4
 Fire: Hunting sling     ||     6
Dodge: Dodged            ||     4

Table legend: (Time is in decaauts)
 A = Elapsed time spent in this place.
 B = Non-inter-level travel time spent in this place.
 C = Inter-level travel time spent in this place.
 D = Time resting spent in this place.
 E = Time spent auto-exploring this place.
 F = Levels seen in this place.
 G = Mean time per level.
                   A        B        C        D        E       F      G
               +--------+--------+--------+--------+--------+-----+--------+
         Total |    533 |    530 |      3 |      0 |    499 |   2 |  266.5 |
       Dungeon |    533 |    530 |      3 |      0 |    499 |   2 |  266.5 |
               +--------+--------+--------+--------+--------+-----+--------+

Top non-repeatable levels by time:
     D:1: 515 daAuts
     D:2: 18 daAuts
